 Dungeon Crawl Stone Soup version 0.28.0-53-g5a82cb258f (webtiles) character file.

Game seed: 328279709665587562

321 Woods the Insei (level 6, -5/47 HPs)
             Began as a Gnoll Transmuter on June 8, 2022.
             Slain by a scorpion (6 damage)
             ... on level 4 of the Dungeon.
             The game lasted 00:05:09 (4024 turns).

Woods the Insei (Gnoll Transmuter)                  Turns: 4024, Time: 00:05:11

Health: -5/47      AC:  4    Str:  6 (9)  XL:     6   Next: 46%
Magic:  14/14      EV: 13    Int: 12 (15) God:
Gold:   273        SH:  0    Dex: 11 (12) Spells: 9/15 levels left

rFire   . . .      SeeInvis .     - Unarmed
rCold   + . .      Faith    .   (no shield)
rNeg    . . .      Spirit   .   a - +0 robe
rPois   .          Reflect  .   (no helmet)
rElec   .          Harm     .   i - +0 cloak
rCorr   .          Rampage  .   g - +0 pair of gloves
Will    .....      Rage     1%  (no boots)
Stlth   ++........              (no amulet)
HPRegen 0.15/turn               (no ring)
MPRegen 0.14/turn               (no ring)

@: lethally poisoned (-5 -> -12)
A: fangs 1, strong nose, distributed training, berserk 1, cold resistance 1
a: no special abilities


You were on level 4 of the Dungeon.
You visited 1 branch of the dungeon, and saw 4 of its levels.

You collected 273 gold pieces.

Inventory:

Missiles
 h - 2 throwing nets
Armour
 a - a +0 robe (worn)
 g - a +0 pair of gloves (worn)
 i - a +0 cloak (worn)
Jewellery
 b - an amulet of faith
 d - a ring of see invisible
 k - a +4 ring of protection
 m - a ring of poison resistance
Scrolls
 c - a scroll of noise {unknown}
 e - a scroll of brand weapon {unknown}
 f - a scroll of immolation {unknown}
 j - a scroll of teleportation {unknown}
 o - a scroll of identify {unknown}


   Skills:
 + Level 3.2 Fighting
 + Level 2.0 Short Blades
 + Level 2.0 Long Blades
 + Level 2.0 Axes
 + Level 2.0 Maces & Flails
 + Level 2.0 Polearms
 + Level 2.0 Staves
 + Level 2.0 Slings
 + Level 2.0 Bows
 + Level 2.0 Crossbows
 + Level 2.0 Throwing
 + Level 2.0 Armour
 + Level 5.0 Dodging
 + Level 2.0 Stealth
 + Level 2.0 Shields
 + Level 6.8 Unarmed Combat
 + Level 5.4 Spellcasting
 + Level 1.5 Conjurations
 + Level 1.5 Hexes
 + Level 1.5 Summonings
 + Level 1.5 Necromancy
 + Level 1.5 Translocations
 + Level 4.1 Transmutations
 + Level 1.5 Fire Magic
 + Level 1.5 Ice Magic
 + Level 1.5 Air Magic
 + Level 1.5 Earth Magic
 + Level 1.5 Poison Magic
 + Level 2.2 Invocations
 + Level 2.0 Evocations


You had 9 spell levels left.
You knew the following spells:

 Your Spells              Type           Power      Damage    Failure   Level
a - Beastly Appendage     Tmut           26%        N/A       3%          1
b - Wereblood             Tmut           13%        N/A       5%          2
c - Spider Form           Tmut/Pois      10%        N/A       19%         3

Your spell library contained the following spells:

 Spells                   Type           Power      Damage    Failure   Level
 Summon Small Mammal      Summ           28%        N/A       10%         1
 Call Canine Familiar     Summ           7%         N/A       30%         3
 Summon Guardian Golem    Hex/Summ       7%         N/A       30%         3
 Ice Form                 Ice/Tmut       10%        N/A       52%         4


Dungeon Overview and Level Annotations

Branches:
Dungeon (4/15)
 Temple: D:4-7

Altars:

Shops:
D:2 :


Innate Abilities, Weirdness & Mutations

You have very sharp teeth.
Your uncanny sense of smell can sniff out nearby items.
Your experience applies equally to all skills.
You tend to lose your temper in combat.
Your flesh is cold resistant. (rC+)


Message History

You feel sick. The scorpion stings you.
You are more poisoned.
The scorpion poisons you!
You barely miss the scorpion. Your kick misses the scorpion.
The scorpion is lightly wounded.
You feel very sick. The scorpion closely misses you.
You completely miss the scorpion. You claw the scorpion.
The scorpion is lightly wounded.
You feel very sick. The scorpion misses you.
You hit the scorpion but do no damage. Your kick misses the scorpion.
Your bite misses the scorpion.
The scorpion is lightly wounded.
You feel sick. The scorpion misses you.
You hit the scorpion.
The scorpion is moderately wounded.
Your horns disappear.
Your talons disappear.
You feel sick. The scorpion stings you!
* * * LOW HITPOINT WARNING * * *
You are lethally poisoned!
The scorpion poisons you!
You barely miss the scorpion.
The scorpion is moderately wounded.
* * * LOW HITPOINT WARNING * * *
You feel very sick. The scorpion misses you.
Unknown command.
It was a potion of mutation.
You feel extremely strange.
You feel a little pissed off.
You feel resistant to cold.
* * * LOW HITPOINT WARNING * * *
You feel sick. The scorpion closely misses you.
It was a potion of degeneration.
There was something very wrong with that liquid.
You feel weakened.
You feel dopey.
You feel clumsy.
* * * LOW HITPOINT WARNING * * *
You feel sick. The scorpion stings you.
* * * LOW HITPOINT WARNING * * *
The scorpion stings you.
You die...

.$.....# .#.#....#
.......^. .#.#..s.#
........# ........#
........##### ∆ #
#.#......s@.#. .. ###
#.#.#######.#. .# ..#
#.#.# #.#.####.# ..#
#.#.# #.#......##### ..#
#.#.#######.##..........
..#
#.#.##.......#.........
####
#.#.##.#####.#.........
...#
#.#.##.#.........#.###
...#
#.#.##...#######...#


You could see a scorpion.

Vanquished Creatures
  A water moccasin skeleton (D:4)
  Crazy Yiuf (D:3)
  A bullfrog skeleton (D:4)
  A jelly (D:3)
  Terence (D:2)
  4 gnolls
  5 adders
  A worm (D:2)
  3 dart slugs
  3 ball pythons
  9 endoplasms
  4 giant cockroaches
  10 hobgoblins
  5 kobolds
  3 quokkas
  7 bats
  2 frilled lizards (D:1)
  9 goblins
70 creatures vanquished.

Vanquished Creatures (others)
  2 plants (D:3)
2 creatures vanquished.

Grand Total: 72 creatures vanquished

Notes
Turn   | Place    | Note
-------+----------+-------------------------------------------
     0 | D:1      | Woods the Gnoll Transmuter began the quest for the Orb.
     0 | D:1      | Reached XP level 1. HP: 17/17 MP: 6/6
   342 | D:1      | Reached XP level 2. HP: 21/23 MP: 5/7
   517 | D:1      | Learned a level 2 spell: Wereblood
   789 | D:1      | Reached XP level 3. HP: 28/28 MP: 7/9
   891 | D:1      | Reached skill level 5 in Spellcasting
  1378 | D:2      | Reached skill level 1 in Invocations
  1635 | D:2      | Reached skill level 1 in Short Blades
  1635 | D:2      | Reached skill level 1 in Long Blades
  1635 | D:2      | Reached skill level 1 in Axes
  1635 | D:2      | Reached skill level 1 in Maces & Flails
  1635 | D:2      | Reached skill level 1 in Polearms
  1635 | D:2      | Reached skill level 1 in Staves
  1635 | D:2      | Reached skill level 1 in Slings
  1635 | D:2      | Reached skill level 1 in Bows
  1635 | D:2      | Reached skill level 1 in Crossbows
  1635 | D:2      | Reached skill level 1 in Throwing
  1635 | D:2      | Reached skill level 1 in Armour
  1635 | D:2      | Reached skill level 1 in Stealth
  1635 | D:2      | Reached skill level 1 in Shields
  1635 | D:2      | Reached skill level 1 in Evocations
  1676 | D:2      | Reached XP level 4. HP: 20/34 MP: 11/11
  1901 | D:1      | Learned a level 3 spell: Spider Form
  2044 | D:2      | Reached skill level 1 in Conjurations
  2044 | D:2      | Reached skill level 1 in Hexes
  2044 | D:2      | Reached skill level 1 in Summonings
  2044 | D:2      | Reached skill level 1 in Necromancy
  2044 | D:2      | Reached skill level 1 in Translocations
  2044 | D:2      | Reached skill level 1 in Fire Magic
  2044 | D:2      | Reached skill level 1 in Ice Magic
  2044 | D:2      | Reached skill level 1 in Air Magic
  2044 | D:2      | Reached skill level 1 in Earth Magic
  2044 | D:2      | Reached skill level 1 in Poison Magic
  2074 | D:2      | Reached XP level 5. HP: 12/40 MP: 6/12
  2336 | D:2      | Noticed Terence
  2346 | D:2      | Killed Terence
  2592 | D:2      | Found Oxemob's Book Shop.
  3089 | D:3      | Found a faded altar of an unknown god.
  3560 | D:3      | Found a runed translucent door.
  3561 | D:3      | Noticed Crazy Yiuf
  3689 | D:3      | Killed Crazy Yiuf
  3690 | D:3      | Reached XP level 6. HP: 47/47 MP: 9/13
  3854 | D:4      | Reached skill level 5 in Dodging
  4023 | D:4      | Gained mutation: You tend to lose your temper in combat.
                  | [potion of mutation]
  4023 | D:4      | Gained mutation: Your flesh is cold resistant. (rC+)
                  | [potion of mutation]
  4024 | D:4      | HP: 2/47 [poisoned by a scorpion]
  4024 | D:4      | Slain by a scorpion

Illustrated notes

Levels and vault maps discovered:
D:1:      dpeg_arrival_tiny_i, layout_loops_corners, bh_walls_and_bars
D:2:      layout_loops_ring, serial_shops, nicolae_shop_hallway_stairs,
          grunt_ministairs_5, kennysheep_potato, uniq_terence
D:3:      layout_basic, shapermc_ecumenical_altar_acropolis,
          uniq_crazy_yiuf_cottage
D:4:      cheibrodos_pilgrimage, layout_basic, temple_green, st_stairs_10

Skill      XL: |  1  2  3  4  5  6 |
---------------+-------------------+-----
Spellcasting   | 5 |  5.4
Invocations    | 1 2 |  2.2
Short Blades   | 1 2 |  2.0
Long Blades    | 1 2 |  2.0
Axes           | 1 2 |  2.0
Maces & Flails | 1 2 |  2.0
Polearms       | 1 2 |  2.0
Staves         | 1 2 |  2.0
Slings         | 1 2 |  2.0
Bows           | 1 2 |  2.0
Crossbows      | 1 2 |  2.0
Throwing       | 1 2 |  2.0
Armour         | 1 2 |  2.0
Stealth        | 1 2 |  2.0
Shields        | 1 2 |  2.0
Evocations     | 1 2 |  2.0
Conjurations   | 1 |  1.5
Hexes          | 1 |  1.5
Summonings     | 1 |  1.5
Necromancy     | 1 |  1.5
Translocations | 1 |  1.5
Fire Magic     | 1 |  1.5
Ice Magic      | 1 |  1.5
Air Magic      | 1 |  1.5
Earth Magic    | 1 |  1.5
Poison Magic   | 1 |  1.5
Fighting       | 3 |  3.2
Transmutations | 4 |  4.1
Dodging        | 5 |  5.0
Unarmed Combat | |  6.8

Action                   |  1- 3 |  4- 6 || total
-------------------------+-------+-------++-------
Melee: Unarmed           |    95 |   110 ||   205
       Bite              |     9 |     6 ||    15
       Kick              |    17 |    18 ||    35
       Headbutt          |     9 |     7 ||    16
       Punch             |     4 |     1 ||     5
 Cast: Beastly Appendage |    19 |    15 ||    34
       Spider Form       |       |     6 ||     6
 Abil: End Transformatio |       |     3 ||     3
  Use: Potion            |       |     3 ||     3
 Stab: Sleeping          |     1 |     2 ||     3
Armor: Robe              |    15 |    18 ||    33
       Skin              |       |     3 ||     3
Dodge: Dodged            |    58 |    78 ||   136
